AoeStats
← TheQuietRiot

Black Forest

505017490Analyzed
1v1 RM · 26d ago on Sep 7, 2026· 92m 51s· 2 players
Game mode
Random Map
Map size
Tiny (2 player)
Population
200
Speed
Normal
Resources
Standard
Victory
Conquest
Starting age
Dark Age
Ending age
Imperial Age
RankedLock teamsTeams togetherTeam positionsShared explorationLock speedFull tech treeHidden civsTurbo modeCheats
Victory
Defeat
🇹🇼 Spanish · Taiwan
904
+17
🇬🇧 Britons · United Kingdom
930
-17
Leo_TW1
1:11 Loom
12:06 Feudal Age
17:09 Castle Age
15:13 Stone Mining
15:43 Double-Bit Axe
16:09 Horse Collar
19:46 Bow Saw
21:19 Wheelbarrow
29:18 Imperial Age
28:09 Fortified Wall
29:20 Hand Cart
29:14 Town Watch
29:31 Gold Mining
29:46 Heavy Plow
31:35 Chemistry
32:52 Two-Man Saw
33:31 Bloodlines
33:24 Husbandry
33:33 Scale Barding Armor
34:02 Ballistics
33:38 Onager
36:12 Chain Barding Armor
36:21 Elite Conquistador
38:06 Plate Barding Armor
38:47 Town Patrol
42:43 Conscription
43:58 Cavalier
44:53 Forging
44:34 Fletching
44:46 Scale Mail Armor
46:14 Stone Shaft Mining
46:42 Paladin
48:06 Iron Casting
47:28 Bodkin Arrow
50:30 Blast Furnace
53:50 Bracer
54:39 Elite Skirmisher
55:24 Thumb Ring
55:47 Masonry
55:45 Padded Archer Armor
55:33 Capped Ram
57:57 Leather Archer Armor
58:21 Hoardings
57:34 Siege Ram
60:05 Ring Archer Armor
65:34 Pikeman
66:16 Squires
66:01 Gambesons
66:02 Arson
66:15 Halberdier
68:04 Chain Mail Armor
72:45 Plate Mail Armor
73:37 Architecture
73:02 Murder Holes
TheQuietRiot
8:12 Loom
10:43 Feudal Age
8:59 Loom
12:30 Double-Bit Axe
12:33 Man-at-Arms
14:23 Horse Collar
21:24 Castle Age
21:22 Stone Mining
21:23 Gold Mining
23:00 Wheelbarrow
22:29 Heavy Plow
22:41 Bow Saw
24:39 Long Swordsman
25:20 Squires
26:25 Fletching
26:46 Forging
28:32 Gambesons
34:41 Imperial Age
34:03 Gold Shaft Mining
33:29 Bodkin Arrow
34:11 Iron Casting
33:38 Scale Mail Armor
33:39 Padded Archer Armor
35:35 Hand Cart
35:28 Warwolf
36:47 Town Watch
37:02 Two-Handed Swordsman
38:16 Conscription
38:27 Bracer
38:44 Town Patrol
39:02 Chain Mail Armor
40:16 Yeomen
44:22 Ballistics
45:04 Chemistry
45:58 Pikeman
48:23 Leather Archer Armor
48:42 Plate Mail Armor
50:21 Elite Longbowman
53:15 Halberdier
58:22 Blast Furnace
61:53 Light Cavalry
62:34 Husbandry
68:08 Scale Barding Armor
Connection lost

Rejoining the realm…

Still unreachable

The connection could not be restored.

Session expired

The server has moved on; the page needs a fresh start.